 Dungeon Crawl Stone Soup version 0.24.0-1-gfbc8707122 (webtiles) character file.

Game seed: 9140964502711173870, levelgen mode: classic

194330 EnegeticOcto the Unseen (level 18, -11/128 HPs)
             Began as an Octopode Air Elementalist on Oct 27, 2019.
             Was the Champion of Ru.
             Hit by a boomerang thrown by a merfolk (20 damage)
             ... on level 1 of the Shoals.
             The game lasted 01:13:05 (53463 turns).

EnegeticOcto the Unseen (OpAE)                     Turns: 53463, Time: 01:13:06

Health: -11/128    AC:  3    Str:  9    XL:     18   Next: 30%
Magic:  0/40       EV: 25    Int: 25    God:    Ru [******]
Gold:   542        SH: 11    Dex: 14    Spells: 13/35 levels left

rFire    + . .     SeeInvis +   b - +9 quick blade
rCold    . . .     Gourm    .   N - +0 shield
rNeg     + + .     Faith    .   O - +2 hat of the Bear Spirit {Spirit, +Rage rN+ MR++}
rPois    +         Spirit   +   (no amulet)
rElec    .         Reflect  .   j - ring of poison resistance
rCorr    .         Harm     .   L - ring of ice
MR       +++..                  g - ring of positive energy
Stlth    ++++++++..             F - ring of protection from fire
HPRegen  0.31/turn              y - +1 ring of evasion
MPRegen  0.27/turn              v - ring of see invisible
                                P - ring of magical power
                                Q - ring of Kuddidof {rF++ Str+3 Dex-3 Slay+3 SInv}

@: agile, exhausted, no scrolls, heavily drained
A: almost no armour, stealthy swim, amphibious, 8 rings, constrict 8, camouflage
1, weak 1, gelatinous body 1, inability to read while threatened, inexperienced
1, missing an eye, temperature sensitive
}: 1/15 runes: serpentine
a: Draw Out Power, Power Leap, Apocalypse, Renounce Religion, Evoke Berserk Rage


You were on level 1 of the Shoals.
You worshipped Ru.
Ru was exalted by your worship.
You were not hungry.

You visited 7 branches of the dungeon, and saw 30 of its levels.
You also visited: Bailey.

You collected 2722 gold pieces.
You spent 2180 gold pieces at shops.

Inventory:

Hand Weapons
 a - a +1 dagger of venom
 b - a +9 quick blade (weapon)
Missiles
 x - a throwing net (quivered) {!f}
Armour
 N - a +0 shield (worn)
 O - the +2 hat of the Bear Spirit (worn) {Spirit, +Rage rN+ MR++}
   (You bought it in a shop on level 1 of the Orcish Mines)

   It protects you from negative energy.
   It affects your resistance to hostile enchantments.
   It lets you go berserk.
 R - a +0 large shield
Jewellery
 g - a ring of positive energy (on tentacle)
 i - an uncursed ring of resist corrosion
 j - a ring of poison resistance (left tentacle)
 v - a ring of see invisible (on tentacle)
 y - a +1 ring of evasion (on tentacle)
 C - an uncursed ring of flight
 F - a ring of protection from fire (on tentacle)
 L - a ring of ice (right tentacle)
 P - a ring of magical power (on tentacle)
 Q - the ring of Kuddidof (on tentacle) {rF++ Str+3 Dex-3 Slay+3 SInv}
   (You bought it in a shop on level 1 of the Snake Pit)

   [ring of see invisible]

   It affects your strength (+3).
   It affects your dexterity (-3).
   It affects your accuracy and damage with ranged weapons and melee attacks
   (+3).
   It greatly protects you from fire.
   It lets you see invisible.
Wands
 k - a wand of iceblast (21)
 r - a wand of flame (9)
 s - a wand of digging (15)
 E - a wand of polymorph (2)
Scrolls
 c - 13 scrolls of teleportation {@r3 !r}
 d - 6 scrolls of remove curse {@r2}
 l - 8 scrolls of fear {!r}
 o - 5 scrolls of blinking {@r4}
 p - 4 scrolls of magic mapping {@r5 !r}
 q - 7 scrolls of identify {@r1}
 w - 3 scrolls of enchant weapon
 z - 2 scrolls of silence
 B - a scroll of holy word
 G - 4 scrolls of immolation
 H - 3 scrolls of enchant armour
 I - 2 scrolls of fog {!r}
Potions
 f - 2 potions of haste {@q4 !q}
 h - a potion of berserk rage
 m - 3 potions of lignification {@q6}
 n - 5 potions of curing {@q1 !q}
 t - 6 potions of brilliance
 u - a potion of mutation
 A - 2 potions of magic
 J - a potion of might {@q3 !q}
 K - a potion of ambrosia
Miscellaneous
 D - a phial of floods
Comestibles
 e - 8 rations


   Skills:
 - Level 13.3(11.7) Fighting
 - Level 10.1(8.6) Short Blades
 - Level 12.2(10.6) Dodging
 - Level 18.6(16.8) Stealth
 * Level 11.8(10.2) Shields
 + Level 9.4(7.9) Spellcasting
 - Level 1.0(0.0) Conjurations
 + Level 5.2(3.8) Necromancy
 - Level 10.0(8.4) Transmutations
 - Level 3.0(1.7) Air Magic
 - Level 10.0(8.4) Earth Magic
 - Level 5.0(3.6) Evocations


You had 13 spell levels left.
You knew the following spells:

 Your Spells              Type           Power        Failure   Level  Hunger
a - Shock                 Conj/Air       ##..         8%          1    None
b - Apportation           Tloc           #.....       12%         1    None
c - Swiftness             Chrm/Air       ##......     12%         2    None
d - Lee's Rapid Deconstr  Erth           ######....   10%         5    #####..
e - Deflect Missiles      Chrm/Air       ##........   100%        6    ######.
p - Passwall              Tmut/Erth      ######..     1%          2    None
M - Borgnjor's Vile Clut  Necr/Erth      #####.....   24%         5    #####..

Your spell library contained the following spells:

 Spells                   Type           Power        Failure   Level  Hunger
 Sandblast                Erth           ######       1%          1    None
 Animate Skeleton         Necr           N/A          2%          1    None
 Petrify                  Tmut/Erth      ######..     3%          4    ##.....
 Stone Arrow              Conj/Erth      ####..       6%          3    None
 Confusing Touch          Hex            #.....       12%         1    None
 Corona                   Hex            #......      12%         1    None
 Flame Tongue             Conj/Fire      #....        12%         1    None
 Summon Small Mammal      Summ           #...         12%         1    None
 Ensorcelled Hibernation  Hex/Ice        ##....       17%         2    None
 Slow                     Hex            #.......     17%         2    None
 Throw Flame              Conj/Fire      #.....       17%         2    None
 Leda's Liquefaction      Hex/Erth       ####......   21%         4    ##.....
 Animate Dead             Necr           N/A          22%         4    ##.....
 Static Discharge         Conj/Air       ##......     24%         3    None
 Confuse                  Hex            #.......     34%         3    None
 Conjure Flame            Conj/Fire      #.......     34%         3    None
 Dazzling Spray           Conj/Hex       #.....       34%         3    None
 Gell's Gravitas          Tloc           #.........   34%         3    None
 Inner Flame              Hex/Fire       #.......     34%         3    None
 Portal Projectile        Hex/Tloc       #.....       34%         3    None
 Recall                   Summ/Tloc      N/A          34%         3    None
 Tukima's Dance           Hex            #.......     34%         3    None
 Airstrike                Air            ###.......   50%         4    ##.....
 Yara's Violent Unravell  Hex/Tmut       ####......   50%         5    #####..
 Cause Fear               Hex            #.........   75%         4    ##.....
 Sticky Flame             Conj/Fire      #.......     75%         4    ##.....
 Lightning Bolt           Conj/Air       ##........   91%         5    #####..
 Silence                  Hex/Air        ##........   91%         5    #####..
 Fireball                 Conj/Fire      #.........   97%         5    #####..
 Metabolic Englaciation   Hex/Ice        ##........   97%         5    #####..
 Death Channel            Necr           ####......   98%         6    ######.
 Simulacrum               Ice/Necr       ####......   100%        6    ######.
 Discord                  Hex            #.........   100%        8    #######


Dungeon Overview and Level Annotations

Branches:
Dungeon (15/15)            Temple (1/1) D:4            Lair (6/6) D:11
 Shoals (1/4) Lair:2        Snake (4/4) Lair:3        Slime (0/5) Lair:6
    Orc (2/2) D:11            Elf (1/3) Orc:2        Vaults (0/5) D:14
 Depths (0/5) D:15         Bailey (visited)

Altars:
Ashenzari
Cheibriados
Dithmenos
Elyvilon
Fedhas
Gozag
Hepliaklqana
Kikubaaqudgha
Makhleb
Nemelex Xobeh
Okawaru
Qazlal
Ru
Sif Muna
Trog
Uskayaw
Vehumet
Wu Jian
Xom
Yredelemnul
Zin
The Shining One
Beogh

Shops:
D:10 }   D:12 :   D:15 %   Orc:1 [   Orc:2 =*[(   Shoals:1 =   Snake:1 =?=(
Snake:3 [   Snake:4 (

Annotations:
D:10 2 transporters, Snorg; firemonkey's ghost, novice DgEE


Innate Abilities, Weirdness & Mutations

You cannot wear most types of armour.
You are very stealthy in the water. (Stealth+)
You are amphibious.
You can wear up to eight rings at the same time.
You can use your tentacles to constrict eight enemies at once.
Your skin changes colour to match your surroundings (Stealth+).
You are weak. (Str -2)
Your rubbery body absorbs attacks. (AC +1, EV +1)
You cannot read scrolls while threatened.
You are somewhat inexperienced. (-2 XL)
You are missing an eye, making it more difficult to aim.
You are sensitive to extremes of temperature. (rF-, rC-)


Message History

Aiming: Borgnjor's Vile Clutch (slightly dangerous; 13% risk of failure)
Press: ? - help, Dir - move target cursor, f - water elemental
Aim: a water elemental Decaying hands burst forth from the earth!
Zombie hands grab the water elemental.
The merfolk aquamancer is unaffected.
Zombie hands grab the water elemental.
Zombie hands grab the merfolk.
Zombie hands grab the water elemental.
The zombie hands constrict the merfolk!
You constrict the merfolk aquamancer.
The zombie hands constrict the water elemental. x2
The zombie hands constrict the water elemental!
The water elemental struggles to escape constriction.
The water nymph flows with the water.
The water elemental closely misses you.
The merfolk aquamancer barely misses you.
The water elemental struggles to escape constriction.
You hit the merfolk aquamancer but do no damage.
The merfolk aquamancer is lightly wounded.
The zombie hands constrict the merfolk.
You constrict the merfolk aquamancer.
The zombie hands constrict the water elemental. x3
The water elemental struggles to escape constriction.
You closely miss the merfolk aquamancer.
The merfolk aquamancer is lightly wounded.
The zombie hands constrict the merfolk.
You constrict the merfolk aquamancer, but do no damage.
The zombie hands constrict the water elemental. x3
You block the water elemental's attack.
The merfolk hits you from afar with a +0 trident.
The water elemental struggles to escape constriction.
You hit the merfolk aquamancer.
The merfolk aquamancer is lightly wounded.
The zombie hands constrict the merfolk.
You constrict the merfolk aquamancer.
The zombie hands constrict the water elemental. x3
You hit the merfolk aquamancer. You squeeze the merfolk aquamancer.
The merfolk aquamancer is moderately wounded.
The zombie hands constrict the merfolk.
You constrict the merfolk aquamancer.
The zombie hands constrict the water elemental. x3
The merfolk aquamancer casts a spell at you.
The shard of ice hits you!!!
You feel threatened and lose the ability to read scrolls!
The water elemental struggles to escape constriction.
Floosh!
The water elemental struggles to escape constriction.
You release your grip on the merfolk aquamancer.
A merfolk javelineer comes into view. It is wielding a +3 spear of flaming.
The zombie hands constrict the merfolk!
The zombie hands constrict the water elemental! x3
The merfolk javelineer shouts!
The water elemental struggles to escape constriction.
The water elemental escapes!
You redirect the merfolk javelineer's attack!
The merfolk javelineer throws a javelin.
The merfolk aquamancer begins to cast a spell, but is stunned by your will!
The merfolk struggles to escape constriction.
The water elemental struggles to escape constriction.
You block the water elemental's attack.
You reveal the great annihilating truth to your foes!
You destroy the water elemental!
You kill the water nymph!
You kill the merfolk aquamancer!
You destroy the water elemental! x2
You kill the merfolk!
You destroy the plant!
The merfolk javelineer is paralysed by terrible understanding!
You feel drained.
You hear a shout! x10; You hear a screech!
You hear a shout! x3
You hear an angry hiss.
You hear a shout!
You hear a screech! x3
You hear a shout!
Found Buonuf's Jewellery Shop.
A merfolk comes into view. It is wielding a -3 trident.
A stone giant comes into view.
A merfolk comes into view. It is wielding a +0 trident.
The merfolk shouts!
The merfolk closely misses you.
The stone giant throws a large rock.
The large rock closely misses you. You block the merfolk's attack.
The merfolk javelineer is no longer paralysed.
The merfolk javelineer throws a javelin.
The javelin pierces through you!!
The javelin pierces through the merfolk!!
The stone giant throws a large rock.
The large rock hits you!!
* * * LOW HITPOINT WARNING * * *
You focus your will and illuminate the stone giant in retribution!
You see here a large rock.
You hit the merfolk javelineer. You grab the merfolk javelineer.
The merfolk javelineer is severely wounded.
You constrict the merfolk javelineer.
You redirect the merfolk's attack!
The merfolk throws a boomerang.
The boomerang hits the stone giant.
The weapon returns to the merfolk!
Really quaff
M - a potion of agility {@q5 !q}?
You feel agile all of a sudden.
You constrict the merfolk javelineer.
The merfolk javelineer throws a javelin.
The javelin pierces through you.
* * * LOW HITPOINT WARNING * * *
The javelin pierces through the merfolk!!
The merfolk hits you from afar with a cursed -3 trident!!
* * * LOW HITPOINT WARNING * * *
You redirect the stone giant's attack!
The stone giant throws a large rock.
The large rock hits the merfolk!!
The merfolk dies!
The merfolk throws a boomerang.
The boomerang hits you!!
You die...

...........)≈....≈≈≈≈≈
.......###..(....≈≈≈≈≈≈≈
......####.......≈≈≈≈≈≈≈
......###......≈..≈≈≈≈≈≈
..####........(≈...≈≈≈≈≈
...###.............≈≈≈≈≈
≈P≈≈≈≈.............≈≈≈≈≈
####≈≈≈...........≈≈≈≈≈≈
##≈≈..(...(.@m≈≈≈≈≈≈
##≈≈.......∩.≈≈≈≈≈≈
#≈P.mC......≈≈≈≈≈≈
##P.........≈≈≈≈≈≈
#..........≈≈≈≈≈≈
..≈≈≈.....≈≈≈≈≈≈≈
..≈≈≈...≈≈≈≈≈≈≈≈≈
.......≈≈≈≈≈≈≈≈≈


You could see a stone giant (unaware), a merfolk javelineer and a merfolk.

Vanquished Creatures
  Saint Roka (Snake:4)
  Vashnia (Snake:4)
  Donald (Snake:3)
  11 nagarajas
  Aizul (Snake:3)
  An orc warlord (Orc:2)
  A stone giant (Orc:1)
  Azrael (D:12)
  A dire elephant (D:15)
  A fire dragon (D:15)
  6 hydras
  A rakshasa (D:14)
  2 death knights
  13 naga warriors
  15 anacondas
  2 centaur warriors
  14 death yaks
  A merfolk aquamancer (Shoals:1)
  14 two-headed ogres
  An ogre mage (D:14)
  4 orc high priests (Orc:2)
  13 naga sharpshooters
  6 shock serpents
  7 sea snakes (Snake:4)
  3 skeletal warriors (D:11)
  2 unseen horrors (D:11)
  A phantasmal warrior (D:15)
  A wizard (D:14)
  7 naga ritualists
  5 orc knights
  8 mana vipers
  2 deep elf magi
  A wolf spider zombie (D:15)
  15 salamanders
  2 manticores
  4 orc sorcerers (Orc:2)
  14 ugly things
  3 cyclopes
  A water nymph (Shoals:1)
  Maurice (D:8)
  32 black mambas
  A centaur zombie (D:15)
  8 guardian serpents
  12 naga magi
  An eye of devastation (Snake:3)
  2 gargoyles
  3 torpor snails
  7 spiny frogs
  5 rime drakes
  An efreet (D:15)
  6 komodo dragons
  A merfolk (Shoals:1)
  A wind drake (Shoals:1)
  9 trolls
  3 meliai (D:13)
  4 polar bears
  11 slime creatures
  4 hornets (Lair:6)
  2 dream sheep (Lair:6)
  25 blink frogs
  6 hippogriffs
  2 shadows
  5 wraiths
  4 water elementals (Shoals:1)
  15 spriggans (Lair:6)
  4 hungry ghosts
  Grum (D:8)
  Eustachio (D:6)
  2 basilisks
  8 wyverns
  19 yaks
  A fire elemental (D:12)
  7 vampire mosquitoes
  A steam dragon (D:14)
  33 nagas
  3 wargs
  Edmund (D:4)
  An acid dragon (D:15)
  4 hell hounds (D:12)
  Duvessa (D:6)
  4 porcupines
  6 water moccasins
  38 orc warriors
  2 ice beasts
  A black bear (shapeshifter) (D:13)
  A hornet zombie (D:14)
  2 sky beasts (D:6)
  4 black bears
  4 necrophages
  2 phantoms
  An eye of draining (D:12)
  11 ogres
  3 boggarts (Lair:6)
  18 wolves
  21 centaurs
  6 crocodiles
  4 big kobolds
  23 bullfrogs
  A wyvern zombie (D:11)
  A wyvern skeleton (D:10)
  5 scorpions
  Dowan (D:6)
  12 wights
  An electric eel (Lair:5)
  4 howler monkeys
  3 crimson imps
  4 centaur skeletons
  2 quasits
  A bullfrog zombie (D:9)
  25 orc priests
  2 bullfrog skeletons
  9 hounds
  5 jellies
  33 orc wizards
  7 hell rats (Lair:1)
  10 worker ants
  A killer bee zombie (D:6)
  A hound zombie (D:5)
  3 hound skeletons
  6 gnolls
  15 river rats (Lair:1)
  10 adders
  3 shadow imps
  5 oozes
  2 adder skeletons
  An adder zombie (D:6)
  2 worms
  3 dart slugs
  5 leopard geckos
  92 orcs
  6 giant cockroaches
  2 goblins
  4 hobgoblins
  5 jackals
  11 quokkas
  2 ball pythons
  5 bats
  2 frilled lizards (D:2)
  18 kobolds
  A leopard gecko skeleton (D:4)
  A quokka skeleton (D:8)
  14 rats
  A bush (Lair:5)
  12 fungi
  9 plants
965 creatures vanquished.

Vanquished Creatures (others)
  Asterion (Snake:3)
  A naga sharpshooter (Snake:4)
  A sea snake (Snake:4)
  A black mamba (Lair:6)
  A centaur skeleton (D:13)
  A merfolk (Shoals:1)
  A blink frog (Lair:6)
  An orc warrior (Orc:2)
  A phantom (D:14)
  A wolf (Lair:6)
  2 orc priests
  An orc wizard (D:9)
  4 orcs
  14 fungi
  7 plants
38 creatures vanquished.

Grand Total: 1003 creatures vanquished

Notes
Turn   | Place    | Note
-------+----------+-------------------------------------------
     0 | D:1      | EnegeticOcto the Octopode Air Elementalist began the quest
                  | for the Orb.
     0 | D:1      | Reached XP level 1. HP: 11/11 MP: 3/3
   204 | D:1      | Reached skill level 3 in Stealth
   310 | D:1      | Reached XP level 2. HP: 18/18 MP: 5/5
   941 | D:1      | Reached skill level 1 in Fighting
  1000 | D:1      | Reached skill level 1 in Short Blades
  1085 | D:2      | Reached XP level 3. HP: 23/23 MP: 6/6
  1900 | D:2      | Reached XP level 4. HP: 28/28 MP: 7/7
  2189 | D:3      | Reached skill level 4 in Stealth
  2189 | D:3      | Reached XP level 5. HP: 34/34 MP: 8/8
  3074 | D:4      | Noticed Edmund
  3103 | D:4      | Killed Edmund
  3103 | D:4      | Reached XP level 6. HP: 12/41 MP: 9/9
  3882 | D:4      | Noticed a phantom
  4483 | D:4      | Found a staircase to the Ecumenical Temple.
  4521 | Temple   | Entered the Ecumenical Temple
  4669 | D:5      | Entered Level 5 of the Dungeon
  4734 | D:5      | Found a white marble altar of Elyvilon.
  4776 | D:5      | Reached skill level 5 in Stealth
  4782 | D:5      | Reached XP level 7. HP: 42/45 MP: 10/10
  4810 | D:5      | Reached skill level 1 in Shields
  5301 | D:5      | Found a sacrificial altar of Ru.
  5318 | D:5      | Became a worshipper of Ru the Awakened
  6465 | D:6      | Reached skill level 5 in Short Blades
  6465 | D:6      | Reached skill level 6 in Stealth
  6465 | D:6      | Reached XP level 8. HP: 35/52 MP: 11/11
  7170 | D:6      | Found a shadowy altar of Dithmenos.
  7389 | D:6      | Gained mutation: You are somewhat inexperienced. (-2 XL)
                  | [Ru sacrifice]
  7389 | D:6      | Reached XP level 7. HP: 48/48 MP: 10/10
  7389 | D:6      | Reached XP level 6. HP: 43/43 MP: 9/9
  7389 | D:6      | Reached * piety under Ru
  7389 | D:6      | Reached ** piety under Ru
  7414 | D:6      | Noticed Dowan
  7423 | D:6      | Noticed Duvessa
  7428 | D:6      | Killed Dowan
  7459 | D:6      | Killed Duvessa
  7459 | D:6      | Reached XP level 7. HP: 27/48 MP: 10/10
  7674 | D:6      | Noticed Eustachio
  7682 | D:6      | Killed Eustachio
  7682 | D:6      | Reached skill level 5 in Dodging
  7682 | D:6      | Reached skill level 7 in Stealth
  7813 | D:6      | Reached XP level 8. HP: 26/54 MP: 11/11
  8530 | D:7      | Noticed a hippogriff
  8538 | D:7      | Found a sacrificial altar of Ru.
  8565 | D:7      | Killed a hippogriff
  9013 | D:7      | Reached skill level 5 in Fighting
  9110 | D:7      | Reached skill level 8 in Stealth
  9472 | D:7      | Found a shimmering altar of Xom.
  9486 | D:7      | Found an ancient bone altar of Kikubaaqudgha.
  9542 | D:7      | Found a radiant altar of Vehumet.
  9667 | D:7      | Reached XP level 9. HP: 55/61 MP: 12/12
  9994 | D:8      | Noticed a troll
 10274 | D:8      | Noticed Grum
 10274 | D:8      | Noticed Maurice
 10549 | D:8      | Found a shattered altar of Ashenzari.
 10549 | D:8      | Found a white marble altar of Elyvilon.
 10558 | D:8      | Found a hazy altar of Hepliaklqana.
 10776 | D:8      | Noticed a two-headed ogre
 10780 | D:8      | Killed a two-headed ogre
 10780 | D:8      | Reached skill level 9 in Stealth
 10835 | D:8      | Killed Grum
 10846 | D:8      | Reached XP level 10. HP: 54/68 MP: 13/13
 11131 | D:8      | Gained mutation: You cannot read scrolls while threatened.
                  | [Ru sacrifice]
 11131 | D:8      | Reached *** piety under Ru
 11177 | D:8      | Killed Maurice
 12351 | D:9      | Reached skill level 10 in Stealth
 13059 | D:9      | Found a stormy altar of Qazlal.
 13197 | D:9      | Noticed a two-headed ogre
 13203 | D:9      | Killed a two-headed ogre
 13491 | D:10     | Entered Level 10 of the Dungeon
 13539 | D:10     | Noticed Snorg
 13596 | D:10     | Found a transporter.
 13637 | D:10     | Noticed a moth of wrath
 13638 | D:10     | Noticed firemonkey's ghost (novice DgEE)
 13653 | D:10     | Noticed a six-headed hydra
 13666 | D:10     | Found a transporter.
 13705 | D:10     | Found a shadowy altar of Dithmenos.
 13729 | D:10     | Noticed a two-headed ogre
 13964 | D:10     | Killed a two-headed ogre
 13964 | D:10     | Reached skill level 10 in Short Blades
 14135 | D:10     | Found Feiral's Gadget Boutique.
 14138 | D:10     | Bought a wand of paralysis (6) for 136 gold pieces
 14336 | D:11     | Noticed a skeletal warrior
 14337 | D:11     | Noticed a skeletal warrior
 14337 | D:11     | Noticed a skeletal warrior
 14447 | D:10     | Gained mutation: You are sensitive to extremes of
                  | temperature. (rF-, rC-) [Ru sacrifice]
 14447 | D:10     | Reached **** piety under Ru
 14447 | D:10     | Reached ***** piety under Ru
 14750 | D:11     | Reached skill level 1 in Evocations
 14781 | D:11     | Killed a skeletal warrior
 14781 | D:11     | Reached XP level 11. HP: 70/73 MP: 5/14
 14793 | D:11     | Killed a skeletal warrior
 14793 | D:11     | Reached skill level 11 in Stealth
 14829 | D:11     | Killed a skeletal warrior
 14958 | D:11     | Noticed an unseen horror
 14959 | D:11     | Killed an unseen horror
 15562 | D:11     | Found a staircase to the Orcish Mines.
 15923 | D:11     | Killed an unseen horror
 16264 | D:11     | Found a staircase to the Lair.
 16516 | D:11     | Learned a level 1 spell: Apportation
 16519 | D:11     | Learned a level 2 spell: Swiftness
 16522 | D:11     | Learned a level 2 spell: Passwall
 16528 | D:11     | Learned a level 5 spell: Lee's Rapid Deconstruction
 16728 | Lair:1   | Entered Level 1 of the Lair of Beasts
 16734 | Lair:1   | Noticed a six-headed hydra
 16745 | Lair:1   | Killed a six-headed hydra
 16745 | Lair:1   | Reached skill level 12 in Stealth
 16745 | Lair:1   | Reached skill level 1 in Transmutations
 16745 | Lair:1   | Reached skill level 1 in Earth Magic
 17449 | Lair:1   | Reached XP level 12. HP: 72/84 MP: 14/16
 17615 | Lair:1   | Gained mutation: You are weak. (Str -2) [Ru sacrifice]
 18537 | Lair:2   | Found a staircase to the Shoals.
 18803 | Lair:2   | You fall into a shaft and drop 1 floor!
 18862 | Lair:3   | Reached skill level 5 in Evocations
 18879 | Lair:3   | HP: 3/84 [torpor snail (11)]
 20159 | Lair:3   | Gained mutation: You are missing an eye, making it more
                  | difficult to aim. [Ru sacrifice]
 20159 | Lair:3   | Reached ****** piety under Ru
 20349 | Lair:3   | Found a staircase to the Snake Pit.
 21186 | Lair:4   | Noticed a death yak
 21186 | Lair:4   | Noticed a death yak
 21191 | Lair:4   | Killed a death yak
 21198 | Lair:4   | Killed a death yak
 21198 | Lair:4   | Reached skill level 13 in Stealth
 21752 | Lair:5   | Noticed an eight-headed hydra
 21759 | Lair:5   | Killed an eight-headed hydra
 22286 | Lair:4   | Reached XP level 13. HP: 55/90 MP: 19/19
 24036 | Lair:5   | Reached skill level 10 in Dodging
 24037 | Lair:5   | Reached skill level 5 in Spellcasting
 24044 | Lair:5   | Reached skill level 5 in Transmutations
 24044 | Lair:5   | Reached skill level 5 in Earth Magic
 24509 | Lair:5   | Identified a scroll of acquirement
 24650 | Lair:6   | Entered Level 6 of the Lair of Beasts
 25127 | Lair:6   | Reached skill level 10 in Fighting
 25152 | Lair:5   | Reached skill level 14 in Stealth
 25705 | Lair:6   | Found a staircase to the Slime Pits.
 25901 | Lair:6   | Reached XP level 14. HP: 87/99 MP: 23/23
 27307 | Lair:6   | Found the +5 scythe "Finisher" {speed, eviscerate}
 28825 | D:12     | Noticed Azrael
 28829 | D:12     | Killed Azrael
 28861 | D:12     | Found a blossoming altar of Fedhas.
 29668 | D:12     | Reached skill level 15 in Stealth
 29797 | D:12     | Found Jotus's Book Shop.
 31706 | D:14     | Found a flagged portal.
 31718 | Bailey   | Entered a bailey
 32230 | Bailey   | Got a warped crystal plate armour
 32233 | Bailey   | Got an encrusted cloak
 32279 | D:14     | Reached XP level 15. HP: 107/107 MP: 24/24
 32668 | D:14     | Found a gate to the Vaults.
 34180 | Orc:1    | Entered Level 1 of the Orcish Mines
 34180 | Orc:1    | Found Lekeum's Armour Shoppe.
 34510 | Orc:1    | Bought the +2 hat of the Bear Spirit {Spirit, +Rage rN+
                  | MR++} for 391 gold pieces
 34510 | Orc:1    | Found the +2 hat of the Bear Spirit {Spirit, +Rage rN+
                  | MR++}
 34764 | Orc:2    | Entered Level 2 of the Orcish Mines
 35004 | Orc:1    | Found a roughly hewn altar of Beogh.
 35282 | Orc:1    | Reached skill level 16 in Stealth
 35927 | Orc:2    | Found a staircase to the Elven Halls.
 35977 | Orc:2    | Noticed an orc warlord
 35983 | Orc:2    | Killed an orc warlord
 36846 | Orc:2    | Found Uladan's General Store.
 36847 | Orc:2    | Found Bugaox's Jewellery Shoppe.
 36848 | Orc:2    | Found Bes Foi's Antique Armour Emporium.
 36848 | Orc:2    | Found Neicento's Antique Weapon Emporium.
 37025 | Orc:2    | Bought an uncursed ring of magical power for 280 gold
                  | pieces
 37027 | Orc:2    | Bought a scroll of enchant armour for 90 gold pieces
 37027 | Orc:2    | Bought a scroll of identify for 24 gold pieces
 37227 | D:15     | Entered Level 15 of the Dungeon
 38034 | D:15     | Found Fumaihyqa's Food Shoppe.
 38252 | D:15     | Identified the +4 crystal plate armour of Kikubaaqudgha's
                  | Esteem {rF+} (You found it in a bailey)
 38771 | D:15     | Found a staircase to the Depths.
 38775 | D:15     | Reached skill level 5 in Shields
 38941 | D:15     | Reached XP level 16. HP: 107/114 MP: 25/25
 39485 | Elf:1    | Entered Level 1 of the Elven Halls
 39645 | Snake:1  | Entered Level 1 of the Snake Pit
 40438 | Snake:1  | Found Nyomiq's Magic Scroll Shop.
 40445 | Snake:1  | Bought a scroll of fear for 42 gold pieces
 40445 | Snake:1  | Bought a scroll of blinking for 90 gold pieces
 40445 | Snake:1  | Bought a scroll of teleportation for 36 gold pieces
 40445 | Snake:1  | Bought a scroll of blinking for 90 gold pieces
 40445 | Snake:1  | Bought a scroll of fear for 42 gold pieces
 40445 | Snake:1  | Bought a scroll of teleportation for 36 gold pieces
 40445 | Snake:1  | Bought a scroll of blinking for 90 gold pieces
 40454 | Snake:1  | Noticed a nagaraja
 40475 | Snake:1  | Found Imei's Jewellery Shoppe.
 40523 | Snake:1  | Killed a nagaraja
 40553 | Snake:1  | Found Zeylieg's Jewellery Shoppe.
 40561 | Snake:1  | Bought the ring of Kuddidof {rF++ Str+3 Dex-3 Slay+3 SInv}
                  | for 833 gold pieces
 40644 | Snake:1  | Found Xecoe's Weapon Boutique.
 41329 | Snake:1  | Reached skill level 17 in Stealth
 42332 | Snake:2  | Found an ornate altar of the Wu Jian Council.
 42341 | Snake:2  | Reached skill level 10 in Earth Magic
 42347 | Snake:2  | Reached skill level 10 in Transmutations
 43898 | Snake:2  | Noticed a nagaraja
 44462 | Snake:2  | Killed a nagaraja
 44938 | Snake:3  | Noticed Asterion
 44948 | Snake:3  | Killed Asterion
 45241 | Snake:3  | Noticed Aizul
 45558 | Snake:2  | Reached XP level 17. HP: 103/121 MP: 28/28
 46710 | Snake:3  | Noticed Donald
 47212 | Snake:3  | Killed Aizul
 47336 | Snake:3  | Killed Donald
 47644 | Snake:3  | Learned a level 5 spell: Borgnjor's Vile Clutch
 47651 | Snake:3  | Learned a level 6 spell: Deflect Missiles
 47811 | Snake:3  | Found Kyaleupp's Armour Emporium.
 48219 | Snake:4  | Entered Level 4 of the Snake Pit
 48236 | Snake:4  | Found an ornate altar of the Wu Jian Council.
 48273 | Snake:4  | Noticed Vashnia
 48275 | Snake:4  | Found Syhiwn's Weapon Emporium.
 48284 | Snake:4  | Killed Vashnia
 48284 | Snake:4  | Reached skill level 18 in Stealth
 48284 | Snake:4  | Reached skill level 1 in Necromancy
 49186 | Snake:4  | Reached skill level 10 in Shields
 49755 | Snake:4  | Noticed Saint Roka
 49765 | Snake:4  | Killed Saint Roka
 50574 | Snake:4  | Identified the +1 cloak of the Orcish Mines {rPois rN+
                  | MP+9} (You found it in a bailey)
 51944 | Snake:4  | Reached XP level 18. HP: 116/128 MP: 31/31
 52922 | Snake:4  | Reached skill level 5 in Necromancy
 53231 | Snake:4  | Got a serpentine rune of Zot
 53383 | Shoals:1 | Entered Level 1 of the Shoals
 53454 | Shoals:1 | Found Buonuf's Jewellery Shop.
 53463 | Shoals:1 | Hit by a boomerang thrown by a merfolk

Levels and vault maps discovered:
D:1:      dpeg_arrival_brainrot, layout_loops_ring, kennysheep_pointless_box,
          roderic_roman_lattice
D:2:      layout_loops_ring
D:3:      layout_basic
D:4:      layout_basic, minmay_temple_entry_nine_rooms, first_ration,
          serial_bayou_pond_c, uniq_edmund
D:5:      layout_basic, basic_altar, nicolae_ru_great_annihilating_truth
D:6:      layout_gridville, nicolae_dithmenos_the_darkroom, uniq_duvessa,
          uniq_eustachio
D:7:      layout_basic, lemuel_doored_altar, vehumet_altar_wand_db,
          chequers_temple_overflow_statue_of_worship
D:8:      layout_loops_ring, gammafunk_temple_overflow_claw, uniq_grum,
          uniq_maurice
D:9:      layout_loops_ring, nicolae_qazlal_general_emergency
D:10:     layout_roguey, serial_shops, nicolae_shop_behind_doors,
          gammafunk_ghost_berserking_beasts, basic_altar, grunt_ogre_cave,
          uniq_snorg
D:11:     layout_basic, lair_entry_dummy, david_orc_3, minmay_between
D:12:     layout_grid_maze, serial_shops, kennysheep_little_box,
          fedhas_bush_and_centaur_altar, uniq_azrael
D:13:     layout_roguey, hangedman_decor_points, minmay_misc_feat_rugged
D:14:     layout_roguey, david_vaults_1, enter_bailey_2
D:15:     hangedman_depths_entry_try_elsewhere_first, layout_basic,
          abandoned_shop, serial_shops, shop
Temple:   dshaligram_water_room_temple
Lair:1:   lemuel_ratsnest, layout_regular_city
Lair:2:   layout_loops_ring, minmay_shoals_entry_centaurs, grunt_megastairs_4
Lair:3:   layout_regular_city, dummy_snake_entry, st_stairs_3,
          lemuel_fruit_fields
Lair:4:   layout_loops_ring
Lair:5:   layout_regular_city, small_statue_intersection, beast_lair_carwin_5,
          infiniplex_staircase_pool
Lair:6:   minmay_lair_end_enchanted_forest, layout_loops_ring,
          nicolae_slime_entry_slimehenge
Shoals:1: layout_shoals, serial_shops, shop, st_shoals_ruin
Snake:1:  layout_layer_cave, serial_shops, shop, shop, shop, shop_coins
Snake:2:  layout_onion, basic_altar, grunt_megastairs_2
Snake:3:  layout_layer_cave, serial_shops, nicolae_shop_behind_doors,
          serial_bayou_crossing, uniq_donald, uniq_asterion, uniq_aizul
Snake:4:  grunt_snake_rune_pools, layout_misc_corridors, serial_shops,
          nicolae_shop_waterfront, basic_altar, uniq_vashnia, uniq_saint_roka
Orc:1:    layout_caves, basic_altar, serial_shops,
          nicolae_shop_competitors_out_of_business
Orc:2:    st_orc_congregation, layout_diamond_mine
Elf:1:    eino_elf_arrival_customs, layout_gridlike, evilmike_minifort,
          uniq_nikola

Skill      XL: |  1  2  3  4  5  6  7  8  9 10 11 12 13 14 15 16 17 18 |
---------------+-------------------------------------------------------+-----
Stealth        | 3 4 5 7 8 9 10 12 13 14 15 16 17 18 | 18.6
Fighting       | 1 2 3 5 6 7 8 9 10 11 12 13 | 13.3
Short Blades   | 1 2 3 6 5 7 8 10 | 10.1
Dodging        | 3 5 6 7 8 9 10 11 12 | 12.2
Shields        | 3 2 4 5 8 11 | 11.8
Evocations     | 1 4 5 |  5.0
Transmutations | 1 4 6 8 9 10 | 10.0
Earth Magic    | 1 4 6 8 9 10 | 10.0
Spellcasting   | 4 6 7 9 |  9.4
Necromancy     | 4 5 |  5.2
Conjurations   | |  1.0
Air Magic      | |  3.0

Action                   |  1- 3 |  4- 6 |  7- 9 | 10-12 | 13-15 | 16-18 || total
-------------------------+-------+-------+-------+-------+-------+-------++-------
Melee: Unarmed           |    11 |       |       |       |       |       ||    11
       Constrict         |    22 |    22 |    50 |    86 |   163 |    40 ||   383
       Tentacles         |     9 |    16 |    56 |   112 |   292 |   176 ||   661
       Short sword       |    55 |       |       |       |       |       ||    55
       Dagger            |     2 |   129 |   331 |   877 |   173 |       ||  1512
       Quick blade       |       |       |       |       |  1825 |  1213 ||  3038
 Cast: Shock             |     6 |       |       |       |       |     4 ||    10
       Passwall          |       |       |       |       |       |    11 ||    11
       Borgnjor's Vile C |       |       |       |       |       |    13 ||    13
Invok: Sacrifice Experie |       |     1 |       |       |       |       ||     1
       Draw Out Power    |       |       |       |     6 |    12 |     1 ||    19
       Apocalypse        |       |       |       |     5 |    13 |    12 ||    30
       Sacrifice Words   |       |       |       |     1 |       |       ||     1
       Sacrifice Resista |       |       |       |     1 |       |       ||     1
       Power Leap        |       |       |       |     1 |     7 |     3 ||    11
       Sacrifice Purity  |       |       |       |     1 |       |       ||     1
       Sacrifice an Eye  |       |       |       |     1 |       |       ||     1
 Abil: Evoke Berserk Rag |       |       |       |       |       |     2 ||     2
Evoke: Wand              |       |       |       |    10 |    38 |    25 ||    73
       Phial of floods   |       |       |       |       |       |     1 ||     1
  Use: Scroll            |       |    12 |     4 |     8 |    12 |     7 ||    43
       Potion            |       |     1 |     1 |     2 |     4 |     5 ||    13
 Stab: Sleeping          |    11 |    14 |    14 |    29 |    30 |    30 ||   128
       Distracted        |       |       |     2 |     4 |    12 |     8 ||    26
       Paralysed         |       |       |     1 |     6 |    31 |    20 ||    58
       Invisible         |       |       |     1 |     5 |    16 |    32 ||    54
  Eat: Chunk             |     3 |     6 |     8 |    29 |    29 |     3 ||    78
       Ration            |       |     1 |     3 |     3 |     7 |    13 ||    27
Armor: Skin              |     2 |    19 |     4 |     7 |    13 |    20 ||    65
Dodge: Dodged            |    42 |    48 |   139 |   262 |   489 |   232 ||  1212
Block: Buckler           |       |     7 |    88 |   138 |   254 |    26 ||   513
       Shield            |       |       |       |       |       |   144 ||   144
